[Event "Kupreichik Memorial Open 2018"]
[Site "Minsk"]
[Date "2018.06.22"]
[Round "7"]
[White "Boiko, Aleksei"]
[Black "Kruglikova, Viktorija"]
[Result "0-1"]
[ECO "A46"]
[WhiteElo "1526"]
[BlackElo "1839"]
[Annotator "NA"]
[PlyCount "74"]
[EventDate "2018.06.21"]
[EventCountry "BLR"]
[SourceTitle "playchess.com"]
[Source "ChessBase"]
[SourceQuality "1"]
[TimeControl "900+10"]

1. d4 Nf6 2. Nf3 e6 3. Bf4 Be7 4. e3 b6 5. Bd3 Bb7 6. O-O d6 7. c4 Nh5 8. Bg3 Nxg3 9. hxg3 h5 10. Nc3 h4 11. gxh4 Bxh4 12. Be4 d5 13. cxd5 exd5 14. Bf5 Qf6 15. e4 g6 16. Bh3 dxe4 17. Re1 Qf4 18. d5 f5 19. Qa4+ Kf7 20. Nxe4 Bxd5 21. Qd4 Rd8 22. Nd6+ Qxd6 23. Qxh4 Nc6 24. Ng5+ Kg7 25. Bxf5 Rh8 26. Qg4 Qh2+ 27. Kf1 Rh4 28. Nf3 Bxf3 29. Qxf3 Qh1+ 30. Ke2 Nd4+ 31. Kd2 Nxf3+ 32. gxf3 Rd8+ 33. Bd3 Qxf3 34. Re7+ Kf6 35. Re3 Qxf2+ 36. Re2 Rxd3+ 37. Kxd3 Rd4+ 0-1

[Event "Kupreichik Memorial Open 2018"]
[Site "Minsk"]
[Date "2018.06.22"]
[Round "7"]
[White "Yagutian, Mariya"]
[Black "Vashchilov, Sergey"]
[Result "0-1"]
[ECO "A40"]
[WhiteElo "1506"]
[BlackElo "2122"]
[Annotator "NA"]
[PlyCount "50"]
[EventDate "2018.06.21"]
[EventCountry "BLR"]
[SourceTitle "playchess.com"]
[Source "ChessBase"]
[SourceQuality "1"]
[TimeControl "900+10"]

1. d4 e6 2. c4 d5 3. Nf3 Nf6 4. g3 Bb4+ 5. Bd2 Be7 6. Bg2 O-O 7. O-O dxc4 8. Qc2 a6 9. Qxc4 b5 10. Qc2 Bb7 11. Bf4 Nc6 12. Rd1 Nb4 13. Qc1 Rc8 14. a3 Nbd5 15. Bg5 c5 16. Bxf6 cxd4 17. Qd2 Bxf6 18. Nxd4 Qc7 19. e4 Nb6 20. Qe3 Nc4 21. Qe2 Rfd8 22. e5 Bxe5 23. Bxb7 Qxb7 24. Qg4 Nxb2 25. Nc2 Rxd1+ 0-1

[Event "Kupreichik Memorial Open 2018"]
[Site "Minsk"]
[Date "2018.06.22"]
[Round "8"]
[White "Nikitenko, Mihail"]
[Black "Meshkov, Yuri A"]
[Result "1-0"]
[ECO "B11"]
[WhiteElo "2401"]
[BlackElo "2375"]
[Annotator "NA"]
[PlyCount "34"]
[EventDate "2018.06.21"]
[EventCountry "BLR"]
[SourceTitle "playchess.com"]
[Source "ChessBase"]
[SourceQuality "1"]
[TimeControl "900+10"]

1. e4 c6 2. Nc3 d5 3. Nf3 Bg4 4. h3 Bxf3 5. Qxf3 e6 6. d3 Nd7 7. Bd2 g6 8. O-O-O Bg7 9. h4 h5 10. Bg5 Qa5 11. d4 Ngf6 12. Kb1 dxe4 13. Nxe4 Nxe4 14. Qxe4 Qf5 15. Qe3 Nb6 16. Qa3 Bf8 17. Qb3 Qa5 1-0

[Event "Kupreichik Memorial Open 2018"]
[Site "Minsk"]
[Date "2018.06.22"]
[Round "8"]
[White "Tihonov, Jurij"]
[Black "Zhukovskij, Viktor"]
[Result "1-0"]
[ECO "D15"]
[WhiteElo "2385"]
[BlackElo "1973"]
[Annotator "NA"]
[PlyCount "151"]
[EventDate "2018.06.21"]
[EventCountry "BLR"]
[SourceTitle "playchess.com"]
[Source "ChessBase"]
[SourceQuality "1"]
[TimeControl "900+10"]

1. d4 d5 2. c4 c6 3. Nf3 Nf6 4. Nc3 a6 5. e3 b5 6. c5 Bg4 7. Qb3 a5 8. Ne5 a4 9. Qc2 Be6 10. Bd2 g6 11. Nxb5 Bf5 12. Qc1 Ne4 13. Nc3 Bg7 14. Nxe4 Bxe4 15. f3 Bf5 16. Be2 Qc7 17. Bc3 f6 18. Nd3 Nd7 19. O-O O-O 20. b4 e5 21. b5 cxb5 22. Nb4 Be6 23. Bxb5 Rfb8 24. Bc6 Rxb4 25. Bxd7 Bxd7 26. Bxb4 Bb5 27. Re1 f5 28. dxe5 Bxe5 29. Bc3 Bxh2+ 30. Kh1 Bg3 31. Bf6 Qf7 32. Bg5 h6 33. Bf4 Bxe1 34. Qxe1 Qf6 35. Rb1 Bc4 36. Qg3 g5 37. Be5 Qf7 38. Bd4 f4 39. Qh3 Bd3 40. Qxh6 Qh7 41. Qxh7+ Kxh7 42. Rb7+ Kg6 43. exf4 gxf4 44. c6 Rc8 45. Rg7+ Kf5 46. c7 a3 47. Bc5 Kf6 48. Rg4 Rxc7 49. Bxa3 Kf5 50. Bd6 Rh7+ 51. Kg1 Ke6 52. Bxf4 Ra7 53. Be3 Rxa2 54. Bd4 Bf5 55. Rf4 Rd2 56. Kh2 Bd3 57. Kh3 Bf5+ 58. g4 Bd3 59. Kh4 Ra2 60. Kg5 Ra8 61. Rf6+ Kd7 62. f4 Rg8+ 63. Kh4 Rh8+ 64. Kg3 Re8 65. Be5 Be4 66. g5 Re6 67. Rf8 Re8 68. Rxe8 Kxe8 69. Kg4 Bh7 70. f5 Kf7 71. Kf4 Kf8 72. g6 Bg8 73. Bd4 Ke7 74. Kg5 Kf8 75. Kh6 Ke7 76. Kg7 1-0

[Event "Kupreichik Memorial Open 2018"]
[Site "Minsk"]
[Date "2018.06.22"]
[Round "8"]
[White "Barskij, Vladimir"]
[Black "Beliuga, Mikhail"]
[Result "1/2-1/2"]
[ECO "B13"]
[WhiteElo "2352"]
[BlackElo "1699"]
[Annotator "NA"]
[PlyCount "83"]
[EventDate "2018.06.21"]
[EventCountry "BLR"]
[SourceTitle "playchess.com"]
[Source "ChessBase"]
[SourceQuality "1"]
[TimeControl "900+10"]

1. e4 c6 2. d4 d5 3. exd5 cxd5 4. Bf4 Nc6 5. c3 Nf6 6. Bd3 Bg4 7. Qb3 Na5 8. Qa4+ Bd7 9. Qc2 e6 10. Nf3 b5 11. O-O Be7 12. Nbd2 O-O 13. b4 Nc4 14. Nb3 Qb6 15. Nc5 Bc6 16. Ne5 Rfd8 17. Bg5 h6 18. Bh4 Be8 19. Qe2 a5 20. a3 axb4 21. axb4 Ra7 22. Ra2 Rda8 23. Rfa1 Qc7 24. Bg3 Bd6 25. Nxc4 Bxg3 26. Rxa7 Rxa7 27. Rxa7 Bxh2+ 28. Kh1 Qxa7 29. Na5 Bc7 30. Bxb5 Bxa5 31. Bxe8 Bc7 32. Ba4 Ne4 33. Qc2 Nxc5 34. bxc5 Qb7 35. g3 Ba5 36. c6 Qb6 37. Kg2 g6 38. Qc1 Kg7 39. Qa3 Qc7 40. Qb3 Kg8 41. Qb7 Kg7 42. Kf3 1/2-1/2

[Event "Kupreichik Memorial Open 2018"]
[Site "Minsk"]
[Date "2018.06.22"]
[Round "8"]
[White "Kalugin, Sergey G"]
[Black "Tsaruk, Maksim"]
[Result "1/2-1/2"]
[ECO "C44"]
[WhiteElo "2334"]
[BlackElo "1980"]
[Annotator "NA"]
[PlyCount "66"]
[EventDate "2018.06.21"]
[EventCountry "BLR"]
[SourceTitle "playchess.com"]
[Source "ChessBase"]
[SourceQuality "1"]
[TimeControl "900+10"]

1. e4 e5 2. Nf3 Nc6 3. c3 Nf6 4. d4 d6 5. Nbd2 Bg4 6. Be2 Be7 7. O-O O-O 8. Qc2 exd4 9. cxd4 Re8 10. Bb5 Bd7 11. Bc4 Bf8 12. a3 h6 13. b4 Bg4 14. b5 Ne7 15. e5 Nfd5 16. Qb3 Be6 17. Ne4 Qd7 18. Bb2 Nb6 19. Bxe6 fxe6 20. a4 Nbd5 21. Rac1 Ng6 22. exd6 cxd6 23. g3 Rec8 24. Ba3 a6 25. h4 axb5 26. Rxc8 Rxc8 27. axb5 Nh8 28. Re1 Nf7 29. Nh2 Qc7 30. Rc1 Qd7 31. Re1 Qc7 32. Rc1 Qd7 33. Re1 Qc7 1/2-1/2

[Event "Kupreichik Memorial Open 2018"]
[Site "Minsk"]
[Date "2018.06.22"]
[Round "8"]
[White "Sihite, Chelsie Monica Igne"]
[Black "Talma, Sergei"]
[Result "1-0"]
[ECO "B30"]
[WhiteElo "2236"]
[BlackElo "1858"]
[Annotator "NA"]
[PlyCount "107"]
[EventDate "2018.06.21"]
[EventCountry "BLR"]
[SourceTitle "playchess.com"]
[Source "ChessBase"]
[SourceQuality "1"]
[TimeControl "900+10"]

1. e4 c5 2. Nf3 Nc6 3. Bb5 Nf6 4. e5 Nd5 5. O-O Nc7 6. a4 a6 7. Bc4 d5 8. exd6 exd6 9. d4 d5 10. Be2 c4 11. b3 cxb3 12. cxb3 Be7 13. h3 O-O 14. Ba3 Bxa3 15. Nxa3 Qf6 16. Nc2 Bf5 17. Ne3 Be4 18. Ng4 Qg6 19. Qd2 h5 20. Nge5 Nxe5 21. dxe5 Ne6 22. Nh4 Qg5 23. Qxg5 Nxg5 24. Bxh5 g6 25. Bg4 Bc2 26. f4 Ne4 27. Nf3 Bxb3 28. a5 Bc4 29. Rfb1 Rab8 30. Nd4 f5 31. Bf3 Nd2 32. Rb6 Nxf3+ 33. gxf3 Kh7 34. Kf2 Bb5 35. Rg1 Bc6 36. Rc1 Rfe8 37. h4 Rbc8 38. Nxc6 bxc6 39. Rcxc6 Rxc6 40. Rxc6 Rb8 41. Rxa6 Rb2+ 42. Kg3 d4 43. Rd6 Ra2 44. h5 gxh5 45. Kh4 Rxa5 46. Kxh5 Ra4 47. Kg5 Kg7 48. Kxf5 Kf7 49. e6+ Ke7 50. Rd7+ Ke8 51. Ke5 Ra3 52. Rxd4 Rxf3 53. f5 Ke7 54. f6+ 1-0

[Event "Kupreichik Memorial Open 2018"]
[Site "Minsk"]
[Date "2018.06.22"]
[Round "8"]
[White "Savolainen, Lev P"]
[Black "Tsigelnitskiy, Ilusha"]
[Result "0-1"]
[ECO "A57"]
[WhiteElo "2163"]
[BlackElo "2253"]
[Annotator "NA"]
[PlyCount "48"]
[EventDate "2018.06.21"]
[EventCountry "BLR"]
[SourceTitle "playchess.com"]
[Source "ChessBase"]
[SourceQuality "1"]
[TimeControl "900+10"]

1. d4 Nf6 2. c4 c5 3. d5 b5 4. cxb5 a6 5. b6 d6 6. Nc3 Nbd7 7. e4 g6 8. h3 Bg7 9. Nf3 O-O 10. Be2 Nxb6 11. Bf4 a5 12. O-O a4 13. a3 Ba6 14. Bxa6 Rxa6 15. Qe2 Qa8 16. Rad1 Qb7 17. Rd2 Raa8 18. Rfd1 Qa6 19. Nb5 Rfd8 20. e5 dxe5 21. Nxe5 Nbxd5 22. Qc4 e6 23. Qxc5 Rdc8 24. Nc7 Rxc7 0-1

[Event "Kupreichik Memorial Open 2018"]
[Site "Minsk"]
[Date "2018.06.22"]
[Round "8"]
[White "Badelka, Olga"]
[Black "Fedotov, Konstantin"]
[Result "1-0"]
[ECO "A36"]
[WhiteElo "2153"]
[BlackElo "2090"]
[Annotator "NA"]
[PlyCount "69"]
[EventDate "2018.06.21"]
[EventCountry "BLR"]
[SourceTitle "playchess.com"]
[Source "ChessBase"]
[SourceQuality "1"]
[TimeControl "900+10"]

1. c4 c5 2. Nc3 Nc6 3. g3 g6 4. Bg2 Bg7 5. d3 d6 6. e4 Rb8 7. Nge2 Bg4 8. h3 Bxe2 9. Nxe2 e6 10. O-O Nge7 11. Rb1 b5 12. b3 Qa5 13. Bf4 Rd8 14. a4 bxa4 15. bxa4 O-O 16. Rb5 Qa6 17. Qb3 Nb4 18. d4 Nec6 19. dxc5 dxc5 20. Rxc5 Rd3 21. Qb1 Rfd8 22. a5 e5 23. Bg5 f6 24. Be3 Bf8 25. Rb5 Ra3 26. h4 Nd3 27. Rd1 Nxa5 28. Bc1 Nxc1 29. Qxc1 Nb3 30. Rxb3 Rxd1+ 31. Qxd1 Ra1 32. Rb1 Ra5 33. Nc3 Qxc4 34. Nd5 Ra6 35. Bf1 1-0

[Event "Kupreichik Memorial Open 2018"]
[Site "Minsk"]
[Date "2018.06.22"]
[Round "8"]
[White "Maslak, Alexander"]
[Black "Zeliantsova, Kseniya"]
[Result "1/2-1/2"]
[ECO "B40"]
[WhiteElo "2127"]
[BlackElo "1844"]
[Annotator "NA"]
[PlyCount "65"]
[EventDate "2018.06.21"]
[EventCountry "BLR"]
[SourceTitle "playchess.com"]
[Source "ChessBase"]
[SourceQuality "1"]
[TimeControl "900+10"]

1. e4 c5 2. Nf3 e6 3. d4 cxd4 4. Nxd4 Nf6 5. Nc3 Nc6 6. Nxc6 bxc6 7. e5 Nd5 8. Ne4 Qc7 9. f4 Qb6 10. c4 Ne3 11. Qd3 Nf5 12. g4 Nd4 13. b3 Be7 14. Be3 Nc2+ 15. Ke2 Nxe3 16. Qxe3 Qa5 17. Bg2 Ba6 18. Rhd1 Rd8 19. Nd6+ Bxd6 20. Rxd6 O-O 21. Qd2 Qa3 22. Rd1 c5 23. Kf1 Bc8 24. Kg1 Rde8 25. Be4 f6 26. Rf1 fxe5 27. fxe5 Rxf1+ 28. Kxf1 Rf8+ 29. Kg1 a5 30. Qc2 g6 31. Bxg6 hxg6 32. Qxg6+ Kh8 33. Qh6+ 1/2-1/2

[Event "Kupreichik Memorial Open 2018"]
[Site "Minsk"]
[Date "2018.06.22"]
[Round "8"]
[White "Vashchilov, Sergey"]
[Black "Tsvetkova, Vladislava"]
[Result "1-0"]
[ECO "B12"]
[WhiteElo "2122"]
[BlackElo "1697"]
[Annotator "NA"]
[PlyCount "75"]
[EventDate "2018.06.21"]
[EventCountry "BLR"]
[SourceTitle "playchess.com"]
[Source "ChessBase"]
[SourceQuality "1"]
[TimeControl "900+10"]

1. e4 c6 2. d4 d5 3. e5 Bf5 4. Ne2 e6 5. Ng3 Bg6 6. h4 h5 7. Bd3 Ne7 8. a3 Nf5 9. Nxf5 Bxf5 10. Bxf5 exf5 11. Qd3 g6 12. Be3 Nd7 13. g3 Bg7 14. Nd2 Qa5 15. b4 Qc7 16. Bf4 Nf8 17. c4 Ne6 18. Rc1 Rd8 19. c5 O-O 20. Nf3 Qe7 21. O-O Nxf4 22. gxf4 Bh6 23. Qd2 Qe6 24. Kg2 Rde8 25. Kg3 Kg7 26. a4 f6 27. Rb1 fxe5 28. Nxe5 Kh7 29. b5 Bg7 30. bxc6 bxc6 31. Rb7 Rb8 32. Rfb1 Rxb7 33. Rxb7 Kg8 34. Rxa7 Bxe5 35. dxe5 Rb8 36. Qa5 Rc8 37. Qb6 d4 38. Qb7 1-0

[Event "Kupreichik Memorial Open 2018"]
[Site "Minsk"]
[Date "2018.06.22"]
[Round "8"]
[White "Kaliadzich, Maryia"]
[Black "Yurau, Maksim"]
[Result "1/2-1/2"]
[ECO "D10"]
[WhiteElo "2058"]
[BlackElo "1694"]
[Annotator "NA"]
[PlyCount "117"]
[EventDate "2018.06.21"]
[EventCountry "BLR"]
[SourceTitle "playchess.com"]
[Source "ChessBase"]
[SourceQuality "1"]
[TimeControl "900+10"]

1. d4 d5 2. c4 c6 3. e3 e6 4. Nf3 f5 5. g3 Nf6 6. Bg2 Be7 7. O-O O-O 8. b3 Nbd7 9. a4 a5 10. Ba3 Ne4 11. Qc1 Bb4 12. Bxb4 axb4 13. Nfd2 Ndf6 14. f3 Nxd2 15. Nxd2 Re8 16. f4 b6 17. cxd5 cxd5 18. Qb2 Bb7 19. Rfe1 Rc8 20. Rac1 Qd7 21. Bf1 Rxc1 22. Rxc1 Rc8 23. Bb5 Rxc1+ 24. Qxc1 Qc8 25. Qxc8+ Bxc8 26. h3 Ne4 27. Nxe4 fxe4 28. g4 g6 29. Kf2 Kf7 30. Kg3 h6 31. h4 Kf8 32. g5 h5 33. f5 exf5 34. Bc6 Be6 35. Kf4 Ke7 36. Ke5 Bf7 37. Bxd5 Be8 38. Bc4 Bd7 39. d5 Be8 40. d6+ Kd7 41. Bb5+ Kd8 42. Bc4 Kd7 43. Be6+ Kc6 44. Bd5+ Kd7 45. Bc4 Kd8 46. Kf6 Kd7 47. Bb5+ Kd8 48. Bxe8 Kxe8 49. Kxg6 f4 50. Kxh5 fxe3 51. g6 e2 52. g7 Kf7 53. d7 e1=Q 54. g8=Q+ Kxg8 55. d8=Q+ Kf7 56. Qd5+ Kf6 57. Qg5+ Kf7 58. Qf5+ Ke7 59. Qe5+ 1/2-1/2

[Event "Kupreichik Memorial Open 2018"]
[Site "Minsk"]
[Date "2018.06.22"]
[Round "8"]
[White "Kalinin, Dmitry"]
[Black "Artsiomau, Stanislau"]
[Result "1-0"]
[ECO "A46"]
[WhiteElo "1995"]
[BlackElo "1954"]
[Annotator "NA"]
[PlyCount "142"]
[EventDate "2018.06.21"]
[EventCountry "BLR"]
[SourceTitle "playchess.com"]
[Source "ChessBase"]
[SourceQuality "1"]
[TimeControl "900+10"]

1. d4 Nf6 2. Nf3 c5 3. c3 g6 4. dxc5 Bg7 5. Nbd2 Na6 6. Nb3 O-O 7. h3 Qc7 8. Be3 e6 9. Bd4 Re8 10. Be5 Qc6 11. Qd4 Nh5 12. Bxg7 Nxg7 13. e4 e5 14. Nxe5 Qf6 15. Ng4 Qxd4 16. cxd4 Rxe4+ 17. Kd2 Ne8 18. Bd3 Re7 19. Rhe1 Rxe1 20. Rxe1 Kf8 21. d5 d6 22. cxd6 Nxd6 23. Nf6 Nb4 24. Kc3 Nxd3 25. Kxd3 Bf5+ 26. Kd2 Kg7 27. Ng4 Nc4+ 28. Kc3 Rc8 29. Kd4 Nxb2 30. Ne3 Kf6 31. g4 Bd7 32. Rb1 Na4 33. Rc1 Rxc1 34. Nxc1 Ke7 35. Nd3 f6 36. Nc4 b6 37. Nf4 Nc5 38. d6+ Kf7 39. Kd5 Ne6 40. Nd3 h5 41. Ne3 Ng5 42. h4 Nf3 43. gxh5 gxh5 44. Nf4 Nxh4 45. Nxh5 Ng6 46. a3 Ne5 47. Nf4 Bc6+ 48. Kd4 Nf3+ 49. Kc4 Ne5+ 50. Kd4 Nf3+ 51. Kc3 Ng5 52. Kd4 Ne6+ 53. Nxe6 Kxe6 54. Ng4 f5 55. Ne3 Bd7 56. Nc4 Bb5 57. Ne3 Bc6 58. f4 Be4 59. Nc4 b5 60. Nd2 Bc6 61. Kc5 Bd7 62. Nb3 a6 63. Nd4+ Kf6 64. Nc6 Ke6 65. Nb8 Bc8 66. Kc6 a5 67. d7 Bxd7+ 68. Nxd7 b4 69. axb4 axb4 70. Nc5+ Kf7 71. Kd5 Kf6 {[%emt 0:00:02] Ke4} 1-0

[Event "Kupreichik Memorial Open 2018"]
[Site "Minsk"]
[Date "2018.06.22"]
[Round "8"]
[White "Svjatocho, Andrej"]
[Black "Zhukova, Natalia"]
[Result "1-0"]
[ECO "C45"]
[WhiteElo "1979"]
[BlackElo "2356"]
[Annotator "NA"]
[PlyCount "83"]
[EventDate "2018.06.21"]
[EventCountry "BLR"]
[SourceTitle "playchess.com"]
[Source "ChessBase"]
[SourceQuality "1"]
[TimeControl "900+10"]

1. e4 e5 2. Nf3 Nc6 3. d4 exd4 4. Nxd4 Nf6 5. Nxc6 bxc6 6. e5 Qe7 7. Qe2 Nd5 8. c4 Nb6 9. b3 Qe6 10. g3 a5 11. Nd2 a4 12. Bb2 Bb4 13. Bg2 a3 14. Bd4 c5 15. Be3 Qxe5 16. O-O Ra7 17. f4 Qe7 18. f5 f6 19. Rae1 O-O 20. Qd3 Qf7 21. Re2 Bb7 22. Bf4 Bxg2 23. Kxg2 d5 24. cxd5 Nxd5 25. Nc4 Rd8 26. Qf3 c6 27. Re6 Rad7 28. Rxc6 Nxf4+ 29. Qxf4 Rd3 30. Re6 Qh5 31. Rf3 R3d4 32. Qe3 h6 33. Rf2 Kh7 34. Re4 Rd3 35. Qe2 Qf7 36. Re6 R3d4 37. Qf3 Qd7 38. Rfe2 Rd1 39. Kh3 Rd4 40. Qh5 Rg8 41. Qg6+ Kh8 42. Re8 1-0

[Event "Kupreichik Memorial Open 2018"]
[Site "Minsk"]
[Date "2018.06.22"]
[Round "8"]
[White "Ilyuchyk, Yana"]
[Black "Rakhmangulova, Anastasiya"]
[Result "1/2-1/2"]
[ECO "B33"]
[WhiteElo "1971"]
[BlackElo "2244"]
[Annotator "NA"]
[PlyCount "138"]
[EventDate "2018.06.21"]
[EventCountry "BLR"]
[SourceTitle "playchess.com"]
[Source "ChessBase"]
[SourceQuality "1"]
[TimeControl "900+10"]

1. e4 c5 2. Nf3 e6 3. d4 cxd4 4. Nxd4 Nf6 5. Nc3 Nc6 6. Ndb5 d6 7. Bf4 e5 8. Bg5 a6 9. Na3 b5 10. Nd5 Be7 11. Bxf6 Bxf6 12. c4 b4 13. Nc2 a5 14. Be2 Bg5 15. O-O O-O 16. Qd3 Be6 17. Rad1 Ra7 18. Nde3 Rd7 19. Bg4 Bxe3 20. Nxe3 Qg5 21. Bxe6 fxe6 22. Nc2 Ne7 23. Qh3 Rf6 24. Ne3 Ng6 25. Qg4 Qxg4 26. Nxg4 Rf8 27. Rd2 Rc8 28. b3 Kf7 29. g3 Ke7 30. h4 h5 31. Ne3 a4 32. bxa4 Ra7 33. Rb2 Rxa4 34. Rfb1 Nf8 35. Rxb4 Rxa2 36. Rb8 Rxb8 37. Rxb8 Nd7 38. Rc8 Nc5 39. Rc7+ Kf6 40. f3 Re2 41. Ng2 Rc2 42. Ne3 Re2 43. Ng2 Nb3 44. Kf1 Nd4 45. Ne1 Rd2 46. Rd7 Nb3 47. Ng2 Rd4 48. Ne3 Nd2+ 49. Ke2 Nxc4 50. Nxc4 Rxc4 51. Rxd6 Rc2+ 52. Kf1 Rc1+ 53. Ke2 Rc2+ 54. Rd2 Rc3 55. Kf2 Rc4 56. Ra2 Rb4 57. Re2 Rb1 58. g4 hxg4 59. fxg4 Rh1 60. Kg3 Rg1+ 61. Rg2 Re1 62. Kf3 Rh1 63. g5+ Kg6 64. Kg4 Re1 65. h5+ Kh7 66. Kf3 Rh1 67. Kg4 Re1 68. Kf3 Rh1 69. Kg4 Re1 1/2-1/2

[Event "Kupreichik Memorial Open 2018"]
[Site "Minsk"]
[Date "2018.06.22"]
[Round "8"]
[White "Naumovich, Yaroslav"]
[Black "Shaban, Alena"]
[Result "1-0"]
[ECO "D02"]
[WhiteElo "1959"]
[BlackElo "2027"]
[Annotator "NA"]
[PlyCount "95"]
[EventDate "2018.06.21"]
[EventCountry "BLR"]
[SourceTitle "playchess.com"]
[Source "ChessBase"]
[SourceQuality "1"]
[TimeControl "900+10"]

1. Nf3 d5 2. d4 Nf6 3. Bf4 c5 4. e3 Nc6 5. c3 Qb6 6. Qc1 Bf5 7. Be2 c4 8. O-O e6 9. Nbd2 Be7 10. b3 cxb3 11. axb3 O-O 12. Ne5 Rac8 13. Qb2 Ne4 14. Nxe4 Bxe4 15. Nd7 Qd8 16. Nxf8 Bxf8 17. Rfc1 g5 18. Bg3 f5 19. f3 f4 20. fxe4 fxg3 21. hxg3 dxe4 22. Bg4 Qf6 23. Rf1 Qg6 24. d5 Nd8 25. dxe6 Nxe6 26. Bf5 Qh6 27. Bxe4 Bc5 28. Qf2 Rf8 29. Qe2 Rb8 30. Bd5 Kh8 31. b4 Bb6 32. c4 Bc7 33. Qb2+ Ng7 34. Qf6 Qxf6 35. Rxf6 Be5 36. Raf1 Bxf6 37. Rxf6 b6 38. b5 Nh5 39. Rf7 Nxg3 40. Rxa7 Nf5 41. e4 Nd4 42. Rf7 Rd8 43. Rf6 Rb8 44. e5 Kg7 45. Rf7+ Kg6 46. Rd7 h5 47. Be4+ Nf5 48. Rd6+ 1-0

[Event "Kupreichik Memorial Open 2018"]
[Site "Minsk"]
[Date "2018.06.22"]
[Round "8"]
[White "Uzlavataya, Anhelina"]
[Black "Nomin-Erdene, Davaademberel"]
[Result "0-1"]
[ECO "A04"]
[WhiteElo "1925"]
[BlackElo "2312"]
[Annotator "NA"]
[PlyCount "94"]
[EventDate "2018.06.21"]
[EventCountry "BLR"]
[SourceTitle "playchess.com"]
[Source "ChessBase"]
[SourceQuality "1"]
[TimeControl "900+10"]

1. Nf3 f5 2. d4 Nf6 3. c4 g6 4. Nc3 Bg7 5. g3 d6 6. Bg2 O-O 7. O-O Qe8 8. d5 Na6 9. Nd4 Bd7 10. Rb1 c6 11. b3 Nc7 12. Bb2 Rd8 13. dxc6 bxc6 14. e4 fxe4 15. Nxe4 Nxe4 16. Bxe4 e5 17. Nc2 Bh3 18. Re1 Qf7 19. Qe2 d5 20. Bh1 d4 21. Nb4 d3 22. Qd2 Bh6 23. f4 exf4 24. Qc3 Bg7 25. Qxg7+ Qxg7 26. Bxg7 Kxg7 27. Nxc6 Rde8 28. gxf4 d2 29. Rxe8 Rxe8 30. Ne5 Rxe5 31. fxe5 Bg4 32. Kf2 d1=Q 33. Rxd1 Bxd1 34. Ke3 Kf7 35. Kd4 Ke7 36. Bg2 Bg4 37. Kc5 Bd7 38. a4 Na6+ 39. Kd4 g5 40. c5 Nb4 41. Kc4 a5 42. Kd4 h5 43. Kc4 Ke6 44. Bh3+ g4 45. Bg2 Kxe5 46. c6 Bxc6 47. Bxc6 Nxc6 {[%emt 0:00:01] Kd4+} 0-1

[Event "Kupreichik Memorial Open 2018"]
[Site "Minsk"]
[Date "2018.06.22"]
[Round "8"]
[White "Sadovnikov, Konstantin"]
[Black "Terletsky, Oleg"]
[Result "0-1"]
[ECO "C26"]
[WhiteElo "1908"]
[BlackElo "2268"]
[Annotator "NA"]
[PlyCount "118"]
[EventDate "2018.06.21"]
[EventCountry "BLR"]
[SourceTitle "playchess.com"]
[Source "ChessBase"]
[SourceQuality "1"]
[TimeControl "900+10"]

1. e4 e5 2. Nc3 Nf6 3. Bc4 Bc5 4. d3 d6 5. f4 Nc6 6. Nf3 Bg4 7. h3 Bxf3 8. Qxf3 Nd4 9. Qg3 Nh5 10. Qg4 g6 11. Bb3 Nxb3 12. axb3 Qd7 13. fxe5 dxe5 14. Qf3 O-O-O 15. Be3 Bxe3 16. Qxe3 Qd4 17. Qxd4 exd4 18. Ne2 Kb8 19. Ra4 c5 20. b4 f5 21. exf5 Rhe8 22. Kd2 Rxe2+ 23. Kxe2 Ng3+ 24. Kf3 Nxh1 25. g3 gxf5 26. Kg2 cxb4 27. Rxb4 Rc8 28. Kxh1 Rxc2 29. Kg1 Rd2 30. Rxd4 Rxb2 31. Kf1 a5 32. Ke1 Ka7 33. Kd1 Rg2 34. g4 fxg4 35. hxg4 Ka6 36. Kc1 b6 37. Rf4 Kb5 38. Kb1 Kc5 39. Rc4+ Kd5 40. Rf4 Rd2 41. Rf7 Rxd3 42. Rxh7 Rg3 43. Rg7 Kc4 44. g5 Kb3 45. Kc1 b5 46. g6 b4 47. Rg8 a4 48. g7 a3 49. Rd8 Rxg7 50. Rd3+ Kc4 51. Rd1 Rg2 52. Kb1 b3 53. Rf1 Rd2 54. Ka1 Kc3 55. Rc1+ Kd3 56. Rh1 Re2 57. Rd1+ Kc2 58. Rc1+ Kd2 59. Rb1 Re1 0-1

[Event "Kupreichik Memorial Open 2018"]
[Site "Minsk"]
[Date "2018.06.22"]
[Round "8"]
[White "Kirilin, Dmitrij"]
[Black "Zarubitski, Viachaslau"]
[Result "0-1"]
[ECO "A46"]
[WhiteElo "1898"]
[BlackElo "2265"]
[Annotator "NA"]
[PlyCount "87"]
[EventDate "2018.06.21"]
[EventCountry "BLR"]
[SourceTitle "playchess.com"]
[Source "ChessBase"]
[SourceQuality "1"]
[TimeControl "900+10"]

1. d4 Nf6 2. Nf3 e6 3. c4 Nc6 4. g3 Bb4+ 5. Bd2 Qe7 6. Bg2 Bxd2+ 7. Nbxd2 d6 8. O-O e5 9. e3 O-O 10. Qc2 g6 11. Qc3 e4 12. Ne1 Bg4 13. Nc2 Rae8 14. Rfe1 Nb8 15. b4 c6 16. a4 Nbd7 17. c5 d5 18. b5 Qe6 19. Rab1 Bh3 20. Nf1 Bxg2 21. Kxg2 Qf5 22. Qd2 Rb8 23. Rb2 h5 24. h3 Nh7 25. h4 g5 26. Qd1 Ndf6 27. Qe2 Kh8 28. g4 hxg4 29. hxg5 Nxg5 30. Ng3 Qf3+ 31. Qxf3 gxf3+ 32. Kf1 Ng4 33. Reb1 Ra8 34. bxc6 bxc6 35. Rb7 Nh3 36. Rc7 Nhxf2 37. Rxc6 Rab8 38. Rb5 Nd1 39. Nf5 Nh2+ 40. Kg1 f2+ 41. Kxh2 f1=Q 42. Rh6+ Kg8 43. Rh5 Qe2+ 44. Kg1 0-1

[Event "Kupreichik Memorial Open 2018"]
[Site "Minsk"]
[Date "2018.06.22"]
[Round "8"]
[White "Tyurin, Artem"]
[Black "Sirotkina, Nina"]
[Result "0-1"]
[ECO "B01"]
[WhiteElo "1855"]
[BlackElo "2116"]
[Annotator "NA"]
[PlyCount "89"]
[EventDate "2018.06.21"]
[EventCountry "BLR"]
[SourceTitle "playchess.com"]
[Source "ChessBase"]
[SourceQuality "1"]
[TimeControl "900+10"]

1. e4 d5 2. exd5 Qxd5 3. Nc3 Qd6 4. d4 Nf6 5. Bc4 Bg4 6. f3 Bf5 7. Nge2 c6 8. Bf4 Qd8 9. O-O e6 10. Ng3 Bg6 11. Re1 Be7 12. Nge4 O-O 13. Qd2 Nbd7 14. Rad1 Nb6 15. Bb3 Nbd5 16. Be5 a5 17. a3 b5 18. Nxf6+ Bxf6 19. Ne4 Bxe5 20. dxe5 Qb6+ 21. Qf2 a4 22. Ba2 Rfd8 23. Nd6 Qxf2+ 24. Kxf2 b4 25. Bxd5 cxd5 26. axb4 Bxc2 27. Rc1 Bg6 28. b5 Rab8 29. Re3 d4 30. Ra3 f6 31. f4 fxe5 32. fxe5 Rf8+ 33. Ke1 d3 34. Rxa4 d2+ 35. Kxd2 Rf2+ 36. Kc3 Be8 37. Kb3 Rxg2 38. Rac4 Bd7 39. Rc7 Re2 40. Rxd7 Rxe5 41. Rdc7 h5 42. Rc8+ Rxc8 43. Rxc8+ Kh7 44. b6 Rd5 45. b7 0-1

[Event "Kupreichik Memorial Open 2018"]
[Site "Minsk"]
[Date "2018.06.22"]
[Round "8"]
[White "Kruglikova, Viktorija"]
[Black "Ustiugov, Boris"]
[Result "1-0"]
[ECO "B46"]
[WhiteElo "1839"]
[BlackElo "1614"]
[Annotator "NA"]
[PlyCount "64"]
[EventDate "2018.06.21"]
[EventCountry "BLR"]
[SourceTitle "playchess.com"]
[Source "ChessBase"]
[SourceQuality "1"]
[TimeControl "900+10"]

1. e4 c5 2. Nf3 e6 3. d4 cxd4 4. Nxd4 a6 5. Nc3 Nc6 6. Be3 Nf6 7. g4 d6 8. g5 Nd7 9. h4 Be7 10. f4 Qc7 11. Bh3 Nb6 12. Nxc6 Qxc6 13. Qd4 Nc4 14. Qxg7 Rf8 15. Bc1 Bd7 16. b3 Ne5 17. Bb2 Ng6 18. O-O Qc5+ 19. Kh2 Nxh4 20. Qxh7 Ng6 21. Kg3 O-O-O 22. Rf3 Nxf4 23. Rxf4 Bxg5 24. Rf3 Bd2 25. Rd3 Qg5+ 26. Bg4 Rg8 27. Kf2 Qxg4 28. Rxd2 Qf4+ 29. Ke2 Rg2+ 30. Kd3 Rxd2+ 31. Kc4 Qe5 32. Na4 d5+ 1-0

[Event "Kupreichik Memorial Open 2018"]
[Site "Minsk"]
[Date "2018.06.22"]
[Round "8"]
[White "Masjuk, Vladimir"]
[Black "Tkachou, Pavel"]
[Result "1-0"]
[ECO "C05"]
[WhiteElo "1829"]
[BlackElo "1535"]
[Annotator "NA"]
[PlyCount "47"]
[EventDate "2018.06.21"]
[EventCountry "BLR"]
[SourceTitle "playchess.com"]
[Source "ChessBase"]
[SourceQuality "1"]
[TimeControl "900+10"]

1. e4 e6 2. d4 d5 3. Nd2 Nf6 4. e5 Nfd7 5. Bd3 c5 6. c3 Nc6 7. Ne2 Qb6 8. Nf3 cxd4 9. cxd4 f6 10. exf6 Nxf6 11. O-O Bd6 12. a3 O-O 13. h3 Ne4 14. b4 e5 15. Be3 Qd8 16. b5 Nxd4 17. Nfxd4 exd4 18. Nxd4 Be5 19. Qb3 Nxf2 20. Rxf2 Rxf2 21. Bxf2 Qf6 22. Qxd5+ Kh8 23. Re1 Bxh3 24. Qxe5 1-0